 Dungeon Crawl Stone Soup version 0.31-a0-43-g46d131a48f (webtiles) character file.

Game seed: 1744947826029661022

1482 senseless the Insei (level 8, -4/54 HPs)
             Began as an Octopode Transmuter on May 18, 2023.
             Was a Believer of Jiyva.
             Slain by a killer bee (7 damage)
             ... on level 6 of the Dungeon.
             The game lasted 00:21:47 (7483 turns).

senseless the Insei (Octopode Transmuter)           Turns: 7483, Time: 00:21:48

Health: -4/54      AC:  1    Str: -6 (8)  XL:     8   Next: 79%
Magic:  14/14      EV: 15    Int:  0 (14) God:    Jiyva [**....]
Gold:   231        SH:  0    Dex: 14 (17) Spells: 8/15 levels left

rFire   + . .        q - +10 dagger "Numarchur" {freeze, rN+++ Will+++ Str-2 Stlth-}
rCold   + + .        (no shield)
rNeg    + + +        j - +0 hat "Zautrul" {+Inv rF+}
rPois   .            (no amulet)
rElec   .            f - ring of flight
rCorr   +            (no ring)
SInv    .            (no ring)
Will    +++..        (no ring)
Stlth   +            (no ring)
HPRegen 0.96/turn    (no ring)
MPRegen 0.44/turn    (no ring)
                     (no ring)

%: no passive effects
@: lethally poisoned (-4 -> -5), flying, inhibited regen, slowed, lost strength,
lost intelligence, unable to read, very slow
A: almost no armour, amphibious, 8 rings, camouflage 1, gelatinous body 1,
(nimble swimmer 1), tentacles, agile 1, cold resistance 2
a: Renounce Religion, Evoke Invisibility


You were on level 6 of the Dungeon.
You worshipped Jiyva.
Jiyva was pleased with you.
You visited 2 branches of the dungeon, and saw 8 of its levels.
You also visited: Sewer and Ossuary.

You collected 231 gold pieces.

Inventory:

Hand Weapons
 g - a +1 short sword
 q - the +10 dagger "Numarchur" (weapon) {freeze, rN+++ Will+++ Str-2 Stlth-}
   (You found it on level 5 of the Dungeon)

   Str:       It affects your strength (-2).
   rN:        It renders you almost immune to negative energy.
   Will:      It greatly increases your willpower.
   Stlth:     It makes you less stealthy.
Armour
 j - the +0 hat "Zautrul" (worn) {+Inv rF+}
   (You acquired it on level 5 of the Dungeon)

   rF:        It protects you from fire.
   +Inv:      It lets you turn invisible.
Jewellery
 f - a ring of flight (left tentacle)
Scrolls
 l - 2 scrolls of silence
Potions
 a - 3 potions of lignification
 b - a potion of heal wounds
 c - 2 potions of might
 d - 5 potions of mutation
 e - 2 potions of attraction
 h - 2 potions of haste
 i - a potion of resistance
 k - 4 potions of curing


   Skills:
 + Level 4.3 Fighting
 + Level 4.8 Dodging
 + Level 5.3 Unarmed Combat
 + Level 4.4 Spellcasting
 + Level 4.8 Transmutations
 + Level 3.4 Ice Magic


You had 8 spell levels left.
You knew the following spells:

 Your Spells              Type           Power      Damage    Failure   Level
a - Beastly Appendage     Tmut           0%         N/A       7%          1
b - Wereblood             Tmut           0%         N/A       10%         2
c - Ice Form              Ice/Tmut       0%         N/A       65%         4

Your spell library contained the following spells:

 Spells                   Type           Power      Damage    Failure   Level
 Spider Form              Tmut/Pois      0%         N/A       47%         3


Dungeon Overview and Level Annotations

Branches:
Dungeon (7/15)             Temple (1/1) D:5           Sewer (visited)
Ossuary (visited)

Altars:
Ashenzari
Cheibriados
Dithmenos
Elyvilon
Fedhas
Gozag
Hepliaklqana
Kikubaaqudgha
Makhleb
Nemelex Xobeh
Okawaru
Qazlal
Ru
Sif Muna
Uskayaw
Xom
Yredelemnul
Zin
The Shining One

Shops:
D:5 !

Annotations:
D:3 2 runed translucent doors, bmj180's ghost, amateur DrFE


Innate Abilities, Weirdness & Mutations

You cannot wear most types of armour.
You are amphibious.
You can wear up to eight rings at the same time.
Your skin changes colour to match your surroundings (Stealth+).
Your rubbery body absorbs attacks. (AC +1, EV +1)
((You are camouflaged when in or above water. (Stealth+)))
You have tentacles for arms and can constrict up to eight enemies at once.
You are agile. (Dex +4, Str/Int -1)
Your flesh is very cold resistant. (rC++)


Message History

There is a stone staircase leading up, spattered with blood here.
You hear a distant slurping noise.
You hear a squelching noise.
You hear a distant slurping noise. x2
There are monsters nearby!
The killer bee buzzes angrily.
The killer bee attacks as you move away!
The killer bee stings you. The killer bee completely misses you.
The killer bee stings you!
You hear a distant slurping noise.
The killer bee stings you. x2
There is a stone staircase leading up, spattered with blood here.
The killer bee buzzes angrily.
The killer bee completely misses you. The killer bee misses you.
The killer bee stings you! The killer bee closely misses you.
The killer bee barely misses you. The killer bee misses you.
You fly upwards.
There is a stone staircase leading down, spattered with blood here.
You cannot read scrolls in your current state!
The killer bee barely misses you. The killer bee stings you.
The killer bee misses you. The killer bee stings you.
The killer bee misses you. The killer bee closely misses you.
The killer bee misses you.
The killer bee attacks as you move away!
The killer bee stings you.
The killer bee attacks as you move away!
The killer bee misses you. The killer bee stings you!
* * * LOW HITPOINT WARNING * * *
The killer bee stings you.
* * * LOW HITPOINT WARNING * * *
The killer bee stings you!
* * * LOW HITPOINT WARNING * * *
You are poisoned.
The killer bee poisons you!
You miss the killer bee. You grab the killer bee.
Your squeeze misses the killer bee.
You constrict the killer bee, but do no damage.
* * * LOW HITPOINT WARNING * * *
You feel very sick. The killer bee stings you!
You die...

#.#.#...#.........#..#########..
#.#.#.###.........#..#....##....
#.#.#.# #.........#..#....##.#..
#.#.#.# #.........#..#.......#..
#.#.#.# #.......................
#.#.#.# #.###.###....#########..
#.#.#.###.# #.# #..........J...J
#.#.......###.###>............J.
##..............@yy.J.......J...#
.......####....####..##.#######.#
##.##### #....# #..##.## #.# #.#
#....# #......# #.# #.# #....#
##.##.## #.# #.# #....#####.##.#
#.. #.# #.............#########
#.# #......###.#...........
##.#########.....###.#.##########


You could see 2 killer bees and a neutral jelly (wandering) (fellow slime).

Vanquished Creatures
  Edmund (D:6)
  An ogre (D:4)
  2 phantoms
  2 kobold brigands
  3 scorpions
  4 wights
  A killer bee (D:6)
  A centaur zombie (Ossuary)
  2 hounds (D:6)
  An orc priest (D:3)
  2 jellies (Sewer)
  2 sleepcaps
  An iguana (D:5)
  2 orc wizards (D:3)
  3 mummies (Ossuary)
  3 river rats (Sewer)
  7 adders
  3 gnolls (D:3)
  A white imp (D:6)
  2 worms
  17 orcs
  9 endoplasms
  6 giant cockroaches
  A goblin (D:3)
  A hobgoblin (D:4)
  3 quokkas
  9 ball pythons
  7 bats
  9 frilled lizards
  A goblin zombie (Ossuary)
  8 kobolds
  A kobold zombie (Ossuary)
  5 orc zombies (Ossuary)
  8 rats
129 creatures vanquished.

Vanquished Creatures (others)
  Menkaure (D:6)
  A phantom (D:6)
  6 jellies (D:6)
  An adder (D:6)
  A white imp (D:6)
  An ufetubus (D:6)
  9 orcs (D:6)
  5 kobolds
25 creatures vanquished.

Grand Total: 154 creatures vanquished

Notes
Turn   | Place    | Note
-------+----------+-------------------------------------------
     0 | D:1      | senseless the Octopode Transmuter began the quest for the
                  | Orb.
     0 | D:1      | Reached XP level 1. HP: 13/13 MP: 3/3
   297 | D:1      | Reached XP level 2. HP: 18/18 MP: 3/5
  1264 | D:2      | Reached XP level 3. HP: 4/23 MP: 4/6
  1949 | D:3      | Reached XP level 4. HP: 25/29 MP: 5/7
  2326 | D:3      | Reached XP level 5. HP: 18/34 MP: 7/9
  2621 | D:3      | Found a large runed translucent door.
  2621 | D:3      | Found a large runed translucent door.
  2625 | D:3      | Noticed bmj180's ghost (amateur DrFE)
  3072 | D:4      | Found a sand-covered staircase.
  3079 | D:4      | Learned a level 2 spell: Wereblood
  3084 | D:4      | Learned a level 4 spell: Ice Form
  3085 | Ossuary  | Entered an ossuary
  3152 | Ossuary  | Gained mutation: Your flesh is cold resistant. (rC+)
                  | [potion of mutation]
  3152 | Ossuary  | Gained mutation: Your flesh is very cold resistant. (rC++)
                  | [potion of mutation]
  3152 | Ossuary  | Gained mutation: You are agile. (Dex +4, Str/Int -1)
                  | [potion of mutation]
  3187 | Ossuary  | Reached XP level 6. HP: 39/41 MP: 8/10
  3326 | Ossuary  | Reached skill level 4 in Unarmed Combat
  3655 | D:4      | Found a white marble altar of Elyvilon.
  3761 | D:4      | Reached skill level 1 in Ice Magic
  4168 | D:4      | Found a shimmering altar of Xom.
  4170 | D:4      | Found an ancient bone altar of Kikubaaqudgha.
  4170 | D:4      | Found a shadowy altar of Dithmenos.
  4170 | D:4      | Found a stormy altar of Qazlal.
  4177 | D:4      | Found a shimmering blue altar of Sif Muna.
  4177 | D:4      | Found a hazy altar of Hepliaklqana.
  4250 | D:4      | Reached XP level 7. HP: 31/46 MP: 9/12
  4445 | D:5      | Entered Level 5 of the Dungeon
  4505 | D:5      | Found Ivvu's Distillery.
  4596 | D:5      | Found a staircase to the Ecumenical Temple.
  4602 | Temple   | Entered the Ecumenical Temple
  4635 | Temple   | Became a worshipper of Cheibriados the Contemplative
  4764 | D:5      | Found a burning altar of Makhleb.
  4822 | D:5      | Found a glowing drain.
  4828 | Sewer    | Entered a sewer
  4996 | Sewer    | Reached * piety under Cheibriados
  5068 | Sewer    | Found a viscous altar of Jiyva.
  5082 | Sewer    | Fell from the grace of Cheibriados
  5082 | Sewer    | Became a worshipper of Jiyva Jeumal the Shapeless
  5442 | D:5      | Identified the +10 dagger "Numarchur" {freeze, rN+++
                  | Will+++ Str-2 Stlth-}
  5483 | D:5      | Reached XP level 8. HP: 44/53 MP: 13/13
  5594 | D:5      | Reached * piety under Jiyva
  5812 | D:5      | Identified a scroll of acquirement
  5812 | D:5      | Acquired the +0 hat "Zautrul" {+Inv rF+}
  5954 | D:6      | Reached skill level 5 in Unarmed Combat
  6195 | D:6      | Noticed Edmund
  6206 | D:6      | HP: 2/54 [kobold brigand/+0 whip (4)]
  6256 | D:6      | Reached ** piety under Jiyva
  6385 | D:6      | Killed Edmund
  6399 | D:6      | Lost strength.
  6415 | D:6      | Killed Menkaure
  7195 | D:6      | Lost intelligence.
  7435 | D:7      | HP: 1/54 [killer bee (5)]
  7483 | D:6      | Slain by a killer bee

Illustrated notes

Levels and vault maps discovered:
D:1:      dpeg_arrival_arbitrary_c, layout_loops_ring
D:2:      layout_loops_ring, serial_rivers, chequers_serial_rivers_large_b,
          chequers_serial_rivers_marsh, chequers_serial_rivers_room_b,
          chequers_serial_rivers_micro_b, kennysheep_generic_room_9
D:3:      layout_loops_ring, ebering_ghost_disaster_area
D:4:      layout_basic, elyvilon_altar_1, minmay_overflow_temple_hex,
          enter_ossuary_2
D:5:      layout_basic, kennysheep_mini_moat, minmay_temple_entry_waves,
          serial_shops, shop, gup_sewer_entry_spiral
D:6:      layout_basic, lightli_orcish_oven, uniq_edmund, uniq_menkaure
D:7:      layout_cave_pools, minivault_10
Temple:   nicolae_temple_ecumenical_triangle

Skill      XL: |  1  2  3  4  5  6  7  8 |
---------------+-------------------------+-----
Fighting       | 2 3 4 |  4.3
Dodging        | 3 4 |  4.8
Transmutations | 3 4 |  4.8
Spellcasting   | 3 4 |  4.4
Unarmed Combat | 4 5 |  5.3
Ice Magic      | 1 2 3 |  3.4

Action                     |  1- 3 |  4- 6 |  7- 9 || total
---------------------------+-------+-------+-------++-------
  Melee: Unarmed           |    27 |       |       ||    27
         Constrict         |    14 |    35 |    34 ||    83
         Tentacles         |    13 |    24 |    37 ||    74
         Short sword       |    33 |   120 |    81 ||   234
         Kick              |    13 |    55 |    50 ||   118
         Punch             |     2 |     3 |     6 ||    11
         Dagger            |       |       |    70 ||    70
   Cast: Beastly Appendage |    28 |    31 |    28 ||    87
         Wereblood         |       |       |     1 ||     1
    Use: Scroll            |       |    16 |     5 ||    21
         Potion            |       |     1 |     9 ||    10
   Stab: Sleeping          |    10 |     2 |     6 ||    18
 Armour: Skin              |     6 |    15 |     5 ||    26
  Dodge: Dodged            |    35 |    75 |   146 ||   256

Table legend: (Time is in decaauts)
 A = Elapsed time spent in this place.
 B = Non-inter-level travel time spent in this place.
 C = Inter-level travel time spent in this place.
 D = Time resting spent in this place.
 E = Time spent auto-exploring this place.
 F = Levels seen in this place.
 G = Mean time per level.
                   A        B        C        D        E       F      G
               +--------+--------+--------+--------+--------+-----+--------+
         Total |   8873 |   8052 |    821 |    444 |   6347 |  10 |  887.3 |
       Dungeon |   8130 |   7326 |    804 |    444 |   5869 |   7 | 1161.4 |
        Temple |     53 |     36 |     17 |      0 |     18 |   1 |   53.0 |
         Sewer |    359 |    359 |      0 |      0 |    226 |   1 |  359.0 |
       Ossuary |    329 |    329 |      0 |      0 |    234 |   1 |  329.0 |
               +--------+--------+--------+--------+--------+-----+--------+

Top non-repeatable levels by time:
     D:6: 2335 daAuts
     D:5: 1613 daAuts
     D:4: 1124 daAuts
     D:2: 1052 daAuts
     D:3: 980 daAuts
     D:1: 955 daAuts
   Sewer: 359 daAuts
 Ossuary: 329 daAuts
     D:7: 69 daAuts
  Temple: 53 daAuts
